 Dungeon Crawl Stone Soup version 0.26-a0-1191-ge2a0e31ab3 (webtiles) character file.

Game seed: 5587082355078690851

9 tilp the Skirmisher (level 2, 0/27 HPs)
             Began as a Palentonga Delver on Dec 28, 2020.
             Succumbed to an adder's poison
             ... on level 5 of the Dungeon.
             The game lasted 00:00:46 (73 turns).

tilp the Skirmisher (Palentonga Delver)               Turns: 73, Time: 00:00:46

Health: 0/27       AC:  4    Str: 13 (15) XL:     2   Next: 3%
Magic:  2/2        EV:  9    Int:  8 (10) God:
Gold:   0          SH:  0    Dex:  8 (11) Spells: 1/1 levels left

rFire    . . .     SeeInvis +   a - +0 mace
rCold    . . .     Faith    .   (no shield)
rNeg     . . .     Spirit   .   b - +0 leather armour
rPois    .         Reflect  .   (no helmet)
rElec    .         Harm     .   (no cloak)
rCorr    .         Rampage  .   (no gloves)
Will     .....                  (no barding)
Stlth    ++........             (no amulet)
HPRegen  0.09/turn              (no ring)
MPRegen  0.08/turn              (no ring)

@: lethally poisoned (0 -> -5)
A: large, rugged brown scales 3, see invisible, deformed body, roll 1, armoured
tail
a: Rolling Charge


You were on level 5 of the Dungeon.
You visited 1 branch of the dungeon, and saw 1 of its levels.

Inventory:

Hand Weapons
 a - a +0 mace (weapon)
Armour
 b - a +0 leather armour (worn)
Wands
 g - a wand of digging (3)
Scrolls
 c - a scroll of fog
 d - a scroll of blinking {unknown}
 e - a scroll of fear
 h - a scroll of remove curse {unknown}
Potions
 f - a potion of haste


   Skills:
 + Level 3.6 Fighting
 - Level 2.0 Maces & Flails
 - Level 1.5 Dodging
 - Level 3.3 Stealth


You had one spell level left.
You didn't know any spells.
Your spell library was empty.

Dungeon Overview and Level Annotations

Branches:
Dungeon (5/15)
 Temple: D:4-7

Altars:


Innate Abilities, Weirdness & Mutations

You are completely covered in rugged brown scales. (AC +3, +7% HP)
You have supernaturally acute eyesight. (SInv)
Armour fits poorly on your strangely shaped body.
You can roll at nearby foes to attack.
You have a long armoured tail.


Message History

The bullfrog skeleton hits you but does no damage.
Unknown command.
It was a potion of degeneration.
There was something very wrong with that liquid.
You feel weakened.
You feel dopey.
You feel clumsy.
* * * LOW HITPOINT WARNING * * *
You feel sick.
The bullfrog skeleton closely misses you.
Unknown command.
You hit the bullfrog skeleton.
The bullfrog skeleton is heavily damaged.
The bullfrog skeleton hits you but does no damage. x2
You hit the bullfrog skeleton. You tail-slap the bullfrog skeleton.
The bullfrog skeleton is almost destroyed.
* * * LOW HITPOINT WARNING * * *
You feel sick. The bullfrog skeleton hits you.
* * * LOW HITPOINT WARNING * * *
You hit the bullfrog skeleton.
You destroy the bullfrog skeleton!
You die...

**,* ###.##,#..,,,,,,,,,,,###
*,***** #....#,#.#*****,,,,,,...
*,*,,,* #....#,#.# *,,,,,,...
*,,<*,* *....*<#.# *,,,,,,,..
*,,,*,* **#.####.# ********#.
**,*##.#####......##############.
,,>,.............................
****####.##.####################.
,,,,,,...##....†@.......,........
**,,,,,,#......###......,#...####
,,,,,,..................,........
**,,,,..#......###......,*,..####
*,,,,,,#......# *,,...$,*,,,*
*,,,,,,#......# *,,,,..,*,,,####
*,,,,,,########**,,,,,.,*,,,#...
**,,,,,,** *,,,,,,,,,*####.##
,,,,,,,,,*******,,,,******#......


There were no monsters in sight!

Vanquished Creatures
  A bullfrog skeleton (D:5)
  An adder (D:5)
2 creatures vanquished.

Notes
Turn   | Place    | Note
-------+----------+-------------------------------------------
     0 | D:5      | tilp the Palentonga Delver began the quest for the Orb.
     0 | D:5      | Reached XP level 1. HP: 20/20 MP: 1/1
    69 | D:5      | Reached XP level 2. HP: 8/27 MP: 2/2
    72 | D:5      | HP: 1/27 [bullfrog skeleton (4)]
    73 | D:5      | Succumbed to an adder's poison

Illustrated notes

Levels and vault maps discovered:
D:5:      layout_basic, lexackson_kobold_supper

Action                   || total
-------------------------++-------
Melee: Mace              ||    10
       Tailslap          ||     2
 Abil: Rolling Charge    ||     1
  Use: Scroll            ||     1
       Potion            ||     1
Armor: Leather armour    ||     4
Dodge: Dodged            ||     8

Table legend: (Time is in decaauts)
 A = Elapsed time spent in this place.
 B = Non-inter-level travel time spent in this place.
 C = Inter-level travel time spent in this place.
 D = Time resting spent in this place.
 E = Time spent auto-exploring this place.
 F = Levels seen in this place.
 G = Mean time per level.
                   A        B        C        D        E       F      G
               +--------+--------+--------+--------+--------+-----+--------+
         Total |     75 |     75 |      0 |      0 |      0 |   1 |   75.0 |
       Dungeon |     75 |     75 |      0 |      0 |      0 |   1 |   75.0 |
               +--------+--------+--------+--------+--------+-----+--------+

Top non-repeatable levels by time:
     D:5: 75 daAuts
